 Dungeon Crawl Stone Soup version 0.28-a0-983-g1de4e0787c (webtiles) character file.

Game seed: 9766296481364165458

1549 Conn the Firebug (level 8, 0/72 HPs)
             Began as an Octopode Fire Elementalist on Dec 3, 2021.
             Was an Initiate of Sif Muna.
             Slain by a manticore (12 damage)
             ... on level 6 of the Dungeon.
             The game lasted 00:09:33 (6281 turns).

Conn the Firebug (Octopode Fire Elementalist)       Turns: 6281, Time: 00:09:34

Health: 0/72       AC: 28    Str:  7    XL:     8   Next: 87%
Magic:  12/16      EV:  2    Int: 19    God:    Sif Muna [......]
Gold:   287        SH:  0    Dex: 13    Spells: 2/17 levels left

rFire   . . .      SeeInvis .   v - +1 rapier (protect)
rCold   . . .      Faith    .   (no shield)
rNeg    . . .      Spirit   .   (helmet currently unavailable)
rPois   +          Reflect  .   (no amulet)
rElec   .          Harm     .   i - +4 ring of protection
rCorr   .          Rampage  .   (no ring)
Will    .....      NoTele   +   (no ring)
Stlth   +++.......              (no ring)
HPRegen 0.22/turn               (no ring)
MPRegen 0.15/turn               (no ring)
                                (no ring)
                                (no ring)

@: tree-form
A: stationary, stasis, torment immunity, boosted hp, almost no armour,
(amphibious), 8 rings, (camouflage 1), (gelatinous body 1), (nimble swimmer 1),
(tentacles)
a: Renounce Religion


You were on level 6 of the Dungeon.
You worshipped Sif Muna.
Sif Muna was noncommittal.
You were a tree.
You visited 2 branches of the dungeon, and saw 7 of its levels.

You collected 287 gold pieces.

Inventory:

Hand Weapons
 b - a +0 dagger
 h - a +0 mace of holy wrath
 u - a +2 whip of flaming
 v - a +1 rapier of protection (weapon)
Missiles
 f - 4 poisoned darts (quivered)
Magical Staves
 t - a staff of air
Jewellery
 i - a +4 ring of protection (left branch)
Wands
 q - a wand of digging (4)
Scrolls
 a - a scroll of enchant armour {unknown}
 c - 5 scrolls of teleportation {unknown}
 e - 6 scrolls of identify {unknown}
 j - a scroll of enchant weapon {unknown}
 l - a scroll of immolation {unknown}
 n - a scroll of fog {unknown}
 p - a scroll of amnesia {unknown}
 r - 2 scrolls of magic mapping {unknown}
 w - a scroll of brand weapon {unknown}
Potions
 d - a potion of ambrosia {unknown}
 g - 2 potions of lignification
 k - a potion of curing {unknown}
 m - a potion of mutation {unknown}
 o - a potion of flight {unknown}
 s - a potion of magic


   Skills:
 + Level 1.1 Fighting
 + Level 1.7 Short Blades
 + Level 1.4 Maces & Flails
 + Level 0.1 Throwing
 + Level 3.0 Dodging
 + Level 5.3 Stealth
 + Level 5.4 Spellcasting
 + Level 4.7 Conjurations
 + Level 5.5 Fire Magic
 * Level 3.7 Invocations


You had 2 spell levels left.
You knew the following spells:

 Your Spells              Type           Power      Damage    Failure   Level
a - Foxfire               Conj/Fire      96%        2x1d8     1%          1
b - Conjure Flame         Conj/Fire      24%        6-21      4%          3
c - Inner Flame           Hex/Fire       15%        N/A       12%         3
d - Flame Wave            Conj/Fire      24%        2d6       14%         4
e - Scorch                Fire           52%        2d8       1%          2
f - Call Imp              Summ           5%         N/A       19%         2

Your spell library contained the following spells:

 Spells                   Type           Power      Damage    Failure   Level
 Magic Dart               Conj           92%        1d7       1%          1
 Mephitic Cloud           Conj/Pois/Air  11%        N/A       19%         3


Dungeon Overview and Level Annotations

Branches:
Dungeon (6/15)             Temple (1/1) D:5

Altars:
Cheibriados
Fedhas
Ru
Sif Muna
Wu Jian
Yredelemnul
Zin

Shops:
D:6 *


Innate Abilities, Weirdness & Mutations

You are a tree.
Your roots penetrate the ground, keeping you stationary.
You cannot be teleported.
You are immune to unholy pain and torment.
Your maximum health is greatly increased.
You cannot wear most types of armour.
((You are amphibious.))
You can wear up to eight rings at the same time.
((Your skin changes colour to match your surroundings (Stealth+).))
((Your rubbery body absorbs attacks. (AC +1, EV +1)))
((You are camouflaged near water. (Stealth+)))
((You have tentacles for arms and can constrict up to eight enemies at once.))


Message History

The manticore bites you!!
The manticore claws you but does no damage.
The manticore barely misses you.
Unknown command.
Casting: Foxfire (safe; 1% risk of failure)
Confirm with . or Enter, or press ? or * to list all spells.
Flames lash the manticore.
The manticore is severely wounded.
The manticore's fire resistance burns away.
The manticore bites you. The manticore claws you.
* * * LOW HITPOINT WARNING * * *
The manticore claws you but does no damage.
Okay, then.
It was a potion of lignification.
You turn into a tree.
Your roots penetrate the ground.
The manticore bites you but does no damage.
The manticore claws you.
* * * LOW HITPOINT WARNING * * *
The manticore claws you but does no damage.
It was a potion of magic.
Magic courses through your body. The manticore barely misses you.
The manticore claws you but does no damage. x2
Casting: Scorch (safe; 1% risk of failure)
Confirm with . or Enter, or press ? or * to list all spells.
Casting: Flame Wave (dangerous; 14% risk of failure)
Press: ? - help, Dir - look around, f - activate A wave of flame ripples out!
The flame wave engulfs the manticore.
The manticore is burned terribly!
The manticore is severely wounded. (Press . to intensify the flame waves.)
The manticore bites you.
* * * LOW HITPOINT WARNING * * *
The manticore claws you.
* * * LOW HITPOINT WARNING * * *
The manticore claws you but does no damage.
A wave of flame ripples out!
The flame wave engulfs the manticore but does no damage.
The manticore is severely wounded.
The manticore bites you!
You die...

#.#.#.....##.........###...
#......#..............#....
......#...................
#.................##.......
......................<. .
....##................
...#....................
....(...................
#...H♣.........#####..
#....#.........## ##.
#.....##..........## ##
###..##............# ###
##...#......## ##.###.###.#
### ### ###


You could see a manticore (combustible).

Vanquished Creatures
  Sigmund (D:6)
  Eustachio (D:6)
  An ice beast (D:6)
  A sky beast (D:6)
  A black bear (D:6)
  2 ogres
  A necrophage (D:6)
  Blork the orc (D:6)
  A scorpion (D:6)
  2 hounds (D:5)
  2 bullfrog skeletons
  2 bullfrog zombies (D:6)
  A centaur skeleton (D:5)
  A jelly (D:6)
  3 iguanas
  2 orc wizards
  6 gnolls
  6 adders
  A shadow imp (D:5)
  3 worms
  A dart slug (D:4)
  15 orcs
  10 ball pythons
  4 bats
  5 endoplasms
  4 giant cockroaches
  8 goblins
  10 hobgoblins
  6 kobolds
  A quokka (D:1)
  6 frilled lizards
  4 rats
113 creatures vanquished.

Vanquished Creatures (collateral kills)
  2 foxfires (D:6)
2 creatures vanquished.

Vanquished Creatures (others)
  443 foxfires
  2 plants (D:5)
  2 withered plants (D:5)
447 creatures vanquished.

Grand Total: 562 creatures vanquished

Notes
Turn   | Place    | Note
-------+----------+-------------------------------------------
     0 | D:1      | Conn the Octopode Fire Elementalist began the quest for the
                  | Orb.
     0 | D:1      | Reached XP level 1. HP: 11/11 MP: 3/3
   161 | D:1      | Reached XP level 2. HP: 17/17 MP: 0/5
   927 | D:2      | Reached XP level 3. HP: 21/21 MP: 6/6
  1636 | D:2      | Found a faded altar of an unknown god.
  1745 | D:3      | Reached XP level 4. HP: 23/27 MP: 2/7
  2415 | D:3      | Reached XP level 5. HP: 31/31 MP: 6/9
  2608 | D:4      | Found a sacrificial altar of Ru.
  3989 | D:5      | Entered Level 5 of the Dungeon
  4052 | D:5      | Reached skill level 1 in Maces & Flails
  4052 | D:5      | Reached XP level 6. HP: 33/36 MP: 4/10
  4322 | D:4      | Learned a level 3 spell: Conjure Flame
  4326 | D:4      | Learned a level 3 spell: Inner Flame
  4331 | D:4      | Learned a level 4 spell: Flame Wave
  4419 | D:5      | Reached skill level 5 in Stealth
  4524 | D:5      | Found a basalt altar of Yredelemnul.
  4528 | D:5      | Found a staircase to the Ecumenical Temple.
  4558 | Temple   | Entered the Ecumenical Temple
  4566 | Temple   | Became a worshipper of Sif Muna the Loreminder
  4606 | D:5      | Found a snail-covered altar of Cheibriados.
  4745 | D:5      | Reached XP level 7. HP: 42/42 MP: 8/12
  4898 | D:5      | Reached skill level 1 in Invocations
  4908 | D:6      | Noticed Sigmund
  4919 | D:6      | Found a blossoming altar of Fedhas.
  4930 | D:6      | Killed Sigmund
  4931 | D:6      | Noticed Eustachio
  5352 | D:6      | Killed Eustachio
  5353 | D:6      | Reached skill level 5 in Fire Magic
  5353 | D:6      | Reached XP level 8. HP: 25/47 MP: 0/14
  5511 | D:6      | Noticed Blork the orc
  5517 | D:6      | Killed Blork the orc
  5654 | D:6      | Learned a level 2 spell: Scorch
  5657 | D:6      | Learned a level 2 spell: Call Imp
  5672 | D:6      | Reached skill level 5 in Spellcasting
  5736 | D:6      | Reached skill level 1 in Fighting
  5876 | D:6      | Found Zin's Purification Station.
  5877 | D:6      | Found a glowing silver altar of Zin.
  6034 | D:6      | Reached skill level 1 in Short Blades
  6266 | D:6      | Noticed a manticore
  6281 | D:6      | Slain by a manticore

Illustrated notes

Levels and vault maps discovered:
D:1:      dpeg_arrival_rooms_a, layout_basic
D:2:      minmay_inner_zag, layout_basic, serial_glass, glass_columns_b,
          glass_columns_b, glass_columns_a, glass_columns_b, glass_columns_b,
          glass_columns_c, shapermc_ecumenical_altar_hornbeckon,
          chequers_decorated_corner
D:3:      layout_rooms, minmay_door_square
D:4:      layout_layer_cave, nicolae_ru_great_annihilating_truth, st_stairs_3
D:5:      layout_rooms, mainiacjoe_overflow_alcove_2, yredelemnul_altar_generic,
          minmay_temple_entry_gardened_gates, minmay_misc_feat_secret_circle,
          hangedman_abyss_or_decor_jellyfish_corner
D:6:      layout_cave_pools, fedhas_ov_isle_minmay, zin_purify,
          gammafunk_temple_overflow_claw, nzn_hepliaklqana_mist_gate,
          minmay_diced_spiral, uniq_eustachio, uniq_blork_the_orc, uniq_sigmund
Temple:   dpeg_chambers_temple

Skill      XL: |  1  2  3  4  5  6  7  8 |
---------------+-------------------------+-----
Stealth        | 3 4 5 |  5.3
Spellcasting   | 3 4 5 |  5.4
Conjurations   | 2 3 4 |  4.7
Fire Magic     | 4 5 |  5.5
Maces & Flails | 1 |  1.4
Invocations    | 2 3 |  3.7
Fighting       | 1 |  1.1
Short Blades   | 1 |  1.7
Dodging        | 3 |  3.0
Throwing       | |  0.1

Action                   |  1- 3 |  4- 6 |  7- 9 || total
-------------------------+-------+-------+-------++-------
Melee: Dagger            |    26 |       |       ||    26
       Constrict         |    10 |     8 |     8 ||    26
       Tentacles         |     2 |     4 |    15 ||    21
       Mace              |    20 |    20 |       ||    40
       Whip              |       |     1 |    11 ||    12
       Rapier            |       |       |    32 ||    32
Throw: Dart              |       |       |     2 ||     2
 Cast: Foxfire           |    36 |   135 |    74 ||   245
       Scorch            |       |       |     4 ||     4
       Flame Wave        |       |       |     2 ||     2
  Use: Potion            |       |       |     2 ||     2
 Stab: Sleeping          |     8 |       |     4 ||    12
Armor: Skin              |     7 |     7 |    16 ||    30
Dodge: Dodged            |    23 |    22 |    43 ||    88

Table legend: (Time is in decaauts)
 A = Elapsed time spent in this place.
 B = Non-inter-level travel time spent in this place.
 C = Inter-level travel time spent in this place.
 D = Time resting spent in this place.
 E = Time spent auto-exploring this place.
 F = Levels seen in this place.
 G = Mean time per level.
                   A        B        C        D        E       F      G
               +--------+--------+--------+--------+--------+-----+--------+
         Total |   6298 |   6245 |     53 |    341 |   4667 |   7 |  899.7 |
       Dungeon |   6282 |   6229 |     53 |    341 |   4667 |   6 | 1047.0 |
        Temple |     16 |     16 |      0 |      0 |      0 |   1 |   16.0 |
               +--------+--------+--------+--------+--------+-----+--------+

Top non-repeatable levels by time:
     D:4: 1606 daAuts
     D:6: 1377 daAuts
     D:1: 887 daAuts
     D:3: 815 daAuts
     D:2: 811 daAuts
     D:5: 783 daAuts
  Temple: 16 daAuts
